Map: Nightshade LE

Players

NYK - Winner!

  • Race: Zerg Zerg
  • League: Grandmaster
  • Spawn Location: 5:00

Cirrus

  • Race: Terran Terran
  • League: Master
  • Spawn Location: 11:00

VOD

Have the link to the VOD?

Description

Time

  • Played on: Dec. 15, 2019, 1:42 p.m.
  • Length: 15:59
Show
View Real Time Build Order
Export as new Build Order

NYK Zerg - Winner!

Build Orders: Hatch First, Lurkers 

Get SALT Encoding   

  12  0:01  Drone  
  13  0:14  Overlord  
  13  0:18  Drone  
  14  0:32  Drone x2  
  16  0:50  Hatchery  
  16  0:52  Drone  
  16  0:55  Drone  
  17  0:59  Drone  
  18  1:06  Extractor  
  17  1:14  Spawning Pool  
  17  1:16  Drone  
  17  1:20  Drone  
  18  1:31  Drone  
  19  1:41  Drone  
  20  1:52  Overlord  
  20  2:03  Queen x2  
  20  2:04  Zergling x4  
  26  2:11  Metabolic Boost  
  26  2:14  Drone x2  
  28  2:27  Extractor  
  27  2:34  Extractor  
  27  2:41  Queen x2  
  31  2:47  Overlord  
  31  2:52  Extractor  
  31  2:54  Drone x5  
  35  3:08  Extractor  
  35  3:12  Hatchery  
  35  3:18  Zergling x2  
  36  3:24  Drone x3  
  36  3:25  Drone x3  
  43  3:41  Drone x2  
  43  3:44  Overlord x2  
  43  3:45  Baneling Nest  
  43  3:55  Overlord  
  43  4:01  Queen  
  45  4:03  Drone x2  
  45  4:07  Queen  
  49  4:13  Drone x5  
  54  4:21  Overlord  
  54  4:25  Zergling x6  
  57  4:35  Overlord  
  57  4:39  Queen  
  57  4:40  Queen  
  57  4:45  Zergling x12  
  67  4:46  Baneling x3  
  67  4:47  Baneling  
  67  4:59  Zergling x10  
  60  5:09  Lair  
  60  5:11  Drone x3  
  63  5:16  Drone  
  63  5:17  Drone x3  
  66  5:24  Overlord  
  66  5:26  Overlord  
  65  5:38  Overlord  
  65  5:39  Overlord x2  
  65  5:41  Drone x5  
  70  5:44  Queen  
  70  5:48  Overlord  
  72  5:56  Extractor  
  71  5:58  Drone x3, Evolution Chamber  
  71  5:59  Extractor, Evolution Chamber  
  71  6:01  Zergling x6  
  74  6:08  Overlord  
  74  6:10  Overlord  
  74  6:11  Centrifical Hooks  
  74  6:13  Drone x3  
  74  6:15  Drone  
  78  6:23  Drone x5  
  82  6:40  Zergling x16  
  82  6:42  Baneling x9  
  90  6:49  Zergling x2  
  90  6:50  Zergling x4  
  93  6:57  Zergling x8  
  95  7:11  Zerg Ground Armor Level 1, Zerg Melee Weapons Level 1  
  95  7:12  Zergling x2  
  95  7:13  Zergling x8  
  100  7:17  Overseer  
  100  7:22  Baneling x2  
  100  7:24  Hatchery  
  97  7:36  Baneling x4  
  95  7:39  Zergling x2  
  95  7:40  Zergling x14  
  99  7:52  Drone  
  99  7:53  Drone x10  
  99  7:57  Hydralisk Den  
  107  8:06  Overlord  
  105  8:15  Zergling x16  
  111  8:26  Extractor  
  109  8:27  Muscular Augments  
  109  8:30  Hatchery  
  107  8:38  Hydralisk x6  
  107  8:40  Drone x4  
  119  8:46  Drone  
  113  8:52  Drone  
  113  8:53  Drone x2  
  116  8:56  Extractor  
  116  8:59  Extractor  
  114  9:08  Hydralisk x6  
  126  9:13  Queen  
  127  9:27  Infestation Pit  
  123  9:31  Drone x2  
  123  9:32  Drone  
  123  9:33  Drone x13  
  139  9:40  Overseer x3  
  139  9:41  Pneumatized Carapace  
  137  9:53  Queen  
  137  9:54  Grooved Spines, Queen  
  137  9:56  Zerg Melee Weapons Level 2  
  141  10:00  Drone x3  
  141  10:02  Extractor  
  141  10:05  Zergling x20  
  153  10:19  Hatchery  
  153  10:20  Baneling  
  153  10:21  Baneling x11  
  152  10:27  Hive  
  152  10:34  Spore Crawler x2  
  150  10:40  Drone, Zergling x22  
  150  10:41  Zergling x6  
  164  10:57  Spire  
  164  10:58  Zergling x12  
  164  10:59  Zergling x6  
  145  11:09  Zergling x18  
  145  11:10  Zergling x8  
  131  11:22  Hydralisk x5  
  139  11:30  Lurker Den, Zerg Ground Armor Level 2  
  138  11:34  Zergling x18  
  138  11:35  Zergling x2  
  148  11:46  Hydralisk  
  148  11:47  Hydralisk x3  
  142  12:02  Adrenal Glands  
  142  12:04  Hydralisk x2  
  142  12:07  Zergling x22  
  142  12:08  Zergling x2  
  158  12:19  Drone x4  
  158  12:20  Drone  
  158  12:22  Nydus Network  
  162  12:23  Nydus Network  
  162  12:24  Baneling x2  
  162  12:25  Baneling x5  
  161  12:32  Overlord  
  161  12:43  Overlord  
  149  12:56  Drone  
  149  12:57  Drone x2  
  149  12:58  Drone  
  149  12:59  Drone x2  
  149  13:01  Zergling x18  
  149  13:02  Zergling x26  
  154  13:17  Zerg Melee Weapons Level 3  
  154  13:22  Lurker x6  
  154  13:23  Lurker x4  
  154  13:25  Ultralisk Cavern  
  163  13:27  Zergling x2  
  163  13:28  Zergling x10  
  169  13:38  Nydus Canal  
  169  13:39  Nydus Canal  
  166  13:45  Zergling x26  
  166  13:46  Zergling x2  
  177  13:52  Overlord x2  
  171  14:05  Lurker x3  
  171  14:06  Lurker  
  171  14:08  Hydralisk x4  
  163  14:10  Zergling x12  
  160  14:19  Baneling x2  
  160  14:20  Baneling  
  160  14:21  Chitinous Plating  
  146  14:33  Hydralisk x8  
  148  14:47  Zergling x6  
  148  14:48  Zergling x18  
  152  15:08  Zergling x32  
  168  15:18  Nydus Canal  
  168  15:19  Nydus Canal  
  152  15:22  Zergling x20  
  152  15:23  Zergling x2  
  147  15:30  Drone x4  
  141  15:39  Nydus Canal x2  
Show
View Real Time Build Order
Export as new Build Order

Cirrus Terran 

Build Orders: Reaper Expand 

Get SALT Encoding   

  12  0:00  SCV  
  13  0:13  SCV  
  14  0:17  Supply Depot  
  14  0:25  SCV  
  15  0:39  SCV  
  15  0:41  Barracks  
  16  0:44  Refinery  
  16  0:51  SCV  
  17  1:03  SCV  
  18  1:15  SCV  
  19  1:27  Orbital Command  
  19  1:28  Reaper  
  20  1:43  Command Center  
  20  1:53  SCV  
  21  2:00  Supply Depot  
  21  2:01  Barracks Reactor  
  21  2:05  SCV  
  22  2:08  Refinery  
  22  2:17  SCV  
  23  2:24  Factory  
  23  2:30  SCV  
  23  2:36  Marine  
  23  2:37  Marine  
  25  2:43  SCV  
  27  2:54  Marine x2  
  27  2:55  SCV  
  30  3:08  SCV  
  31  3:14  Widow Mine, Marine x2  
  31  3:15  Starport  
  31  3:16  Orbital Command  
  35  3:23  SCV  
  35  3:24  Supply Depot  
  36  3:36  SCV  
  36  3:42  SCV  
  36  3:45  Barracks Tech Lab, Hellion x2  
  36  3:47  Bunker  
  36  3:48  SCV  
  42  3:54  Medivac, SCV  
  45  3:59  Supply Depot  
  45  4:00  SCV  
  46  4:05  Supply Depot, Marine  
  46  4:06  SCV  
  46  4:07  Stimpack  
  48  4:12  Hellion x2  
  48  4:15  SCV  
  53  4:19  SCV  
  53  4:24  Marine  
  55  4:28  SCV  
  56  4:31  SCV  
  57  4:40  SCV  
  57  4:44  SCV, Refinery, Engineering Bay, Barracks  
  57  4:45  Barracks, Starport Reactor  
  59  4:49  Factory Tech Lab  
  59  4:52  SCV  
  60  4:56  SCV  
  59  5:04  SCV  
  56  5:08  SCV  
  56  5:11  Terran Infantry Weapons Level 1  
  57  5:16  SCV, Supply Depot  
  58  5:21  SCV  
  58  5:28  SCV  
  56  5:31  Marine x2  
  56  5:32  Marine x2  
  56  5:33  SCV  
  56  5:34  Siege Tank  
  62  5:40  SCV  
  63  5:45  Barracks, Supply Depot  
  63  5:46  SCV  
  63  5:48  Medivac  
  63  5:49  Marine x2  
  68  5:50  Marine x2  
  68  5:52  SCV  
  71  5:57  Command Center  
  71  5:58  SCV  
  72  6:04  SCV  
  72  6:06  Supply Depot x2  
  72  6:07  Marine  
  72  6:10  SCV  
  75  6:15  Marine x2  
  75  6:16  Medivac, SCV  
  80  6:22  SCV  
  80  6:24  Marine  
  82  6:26  Siege Tank  
  82  6:28  SCV  
  82  6:30  Supply Depot x2  
  86  6:34  SCV  
  87  6:40  Marine  
  87  6:41  SCV, Barracks Reactor, Marine  
  87  6:46  SCV, Refinery  
  91  6:51  Refinery  
  91  6:53  SCV  
  92  6:54  Refinery  
  92  6:58  SCV  
  92  6:59  Marine x4  
  92  7:00  Siege Tank  
  100  7:05  SCV  
  101  7:10  SCV  
  102  7:16  Marine x2  
  102  7:17  SCV, Marine x2  
  102  7:20  Marine  
  109  7:22  SCV  
  109  7:29  SCV  
  104  7:32  Siege Tank  
  104  7:34  SCV  
  108  7:41  SCV, Marine  
  108  7:42  Marine x5  
  114  7:47  SCV  
  114  7:49  Medivac  
  112  7:53  SCV  
  112  7:55  Barracks x2  
  109  7:59  SCV, Marine x2  
  109  8:00  Marine  
  109  8:02  Marine  
  109  8:04  Siege Tank  
  118  8:05  SCV  
  118  8:09  Command Center  
  118  8:10  Terran Infantry Armor Level 1  
  118  8:11  SCV  
  118  8:12  Marine x2  
  120  8:14  Engineering Bay, Armory  
  120  8:17  SCV  
  110  8:23  SCV  
  107  8:29  SCV  
  108  8:35  SCV  
  105  8:42  SCV, Marine  
  105  8:43  Siege Tank  
  105  8:44  Marine  
  105  8:47  SCV  
  105  8:48  Marine x4  
  109  8:49  Marine x2  
  109  8:50  Orbital Command  
  109  8:54  SCV, Combat Shield  
  116  8:59  SCV  
  116  9:00  Marine  
  118  9:06  SCV  
  119  9:10  Marine x2, Bunker  
  119  9:15  Siege Tank  
  124  9:22  Marine x3  
  124  9:23  Medivac  
  129  9:24  SCV  
  129  9:25  SCV  
  129  9:27  Marine  
  129  9:28  Marine  
  133  9:36  Supply Depot  
  133  9:37  Supply Depot  
  133  9:38  Marine  
  134  9:47  Siege Tank  
  134  9:49  Marine x5  
  134  9:50  Marine x2  
  140  9:54  Command Center  
  140  9:57  Refinery  
  140  10:02  Terran Infantry Weapons Level 2  
  140  10:04  Marine  
  140  10:07  Marine x3  
  141  10:09  Supply Depot  
  144  10:19  Marine, Siege Tank  
  148  10:22  Terran Infantry Armor Level 2  
  148  10:24  Marine x3  
  148  10:25  Marine x2  
  148  10:26  Marine x2  
  155  10:29  Factory  
  155  10:36  SCV  
  155  10:41  SCV  
  157  10:49  Marine x2  
  159  10:50  Marine x3  
  159  10:51  Medivac  
  159  10:54  Terran Vehicle Weapons Level 1  
  159  10:55  Supply Depot  
  164  10:57  Supply Depot  
  111  11:13  Liberator x2  
  99  11:18  Marine  
  99  11:19  Siege Tank  
  99  11:21  Marine x2  
  99  11:22  Marine x5  
  99  11:23  Factory Tech Lab  
  108  11:36  Marine  
  108  11:39  Marine x3  
  111  11:40  Marine x4  
  111  11:43  Siege Tank  
  119  11:51  Siege Tank  
  108  11:54  Marine  
  108  11:57  Marine x4  
  108  11:58  Marine  
  110  12:02  Marine x2  
  112  12:12  Marine  
  112  12:15  Siege Tank, Marine x3  
  119  12:24  Marine x2  
  119  12:25  Marine x2  
  119  12:28  SCV  
  124  12:33  SCV  
  124  12:34  Marine  
  124  12:35  Siege Tank  
  129  12:37  Marine  
  129  12:43  SCV  
  125  12:45  Terran Infantry Armor Level 3, Terran Infantry Weapons Level 3  
  125  12:48  Marine  
  125  12:49  Marine x2, Siege Tank  
  125  12:51  Marine  
  131  12:52  Marine x2  
  115  13:10  Marauder, Marine x2  
  117  13:16  Marine x2  
  117  13:17  Siege Tank  
  119  13:21  Siege Tank  
  119  13:22  Missile Turret  
  119  13:24  SCV  
  123  13:35  SCV  
  123  13:36  Marine x2  
  123  13:37  Marauder, Medivac x2, Marine  
  123  13:38  SCV  
  134  13:47  Marine x2  
  136  13:49  Siege Tank  
  136  13:50  Planetary Fortress  
  136  13:51  Refinery  
  136  13:52  Refinery, Marine  
  136  13:54  SCV  
  141  13:57  SCV  
  141  13:58  Marauder  
  139  14:07  Marine x2  
  139  14:08  Siege Tank  
  140  14:10  Marine  
  140  14:12  Marine x2  
  138  14:17  SCV  
  138  14:19  Marauder  
  138  14:20  SCV  
  138  14:21  Siege Tank  
  138  14:23  SCV  
  141  14:29  SCV  
  141  14:30  Marine x3  
  145  14:36  SCV  
  135  14:41  Marauder  
  135  14:44  SCV  
  133  14:46  Siege Tank, Marine  
  132  14:55  Marine x5  
  132  14:58  SCV  
  134  15:02  Marine  
  134  15:04  SCV, Marine  
  137  15:11  Siege Tank  
  137  15:13  Marine x2  
  136  15:20  SCV  
  116  15:30  SCV, Marine  
  116  15:31  Marine  
  116  15:33  SCV  
  116  15:34  Marine  
  116  15:35  Marine  
Tags
 
Add a new tag
Caveats
  • Supply blocks, unpowered buildings, or Contaminate may cause inaccurate times.
  • Supply counts are checked every 10 seconds.